AoeStats
← CansadoTarde

African Clearing

510922686Analyzed
2v2 RM · 13h ago on Oct 3, 2026· 23m 30s· 4 players
Game mode
Random Map
Map size
Medium (4 player)
Population
200
Speed
Normal
Resources
Standard
Victory
Conquest
Starting age
Dark Age
Ending age
Imperial Age
RankedLock teamsTeams togetherTeam positionsShared explorationLock speedFull tech treeHidden civsTurbo modeCheats
Victory
Defeat
🇨🇳 Lithuanians · China
1502
+15
🇨🇳 Mapuche · China
1477
+16
🇦🇷 Dravidians · Argentina
1515
-16
🇦🇷 Hindustanis · Argentina
1461
-15
CansadoTarde
9:47 Loom
12:41 Feudal Age
13:23 Double-Bit Axe
17:44 Castle Age
16:20 Fletching
16:14 Horse Collar
17:11 Padded Archer Armor
Cinco
9:51 Loom
12:12 Feudal Age
20:00 Man-at-Arms
20:56 Forging
shikashoura
4:13 Loom
11:55 Feudal Age
11:57 Champi Runner
12:39 Double-Bit Axe
17:19 Arson
19:29 Forging
20:51 Padded Archer Armor
23:38 Horse Collar
mimikyu
12:30 Loom
14:55 Feudal Age
16:05 Double-Bit Axe
18:52 Castle Age
19:23 Scale Barding Armor
Connection lost

Rejoining the realm…

Still unreachable

The connection could not be restored.

Session expired

The server has moved on; the page needs a fresh start.